Unix NetHack Version 5.0.0-0 post-release - last build May 10 2026 23:12:36 (d1fa5d53e341ca933230fdaa984d921c805b60aa,branch:main).

Game began 2026-05-08 19:46:05, ended 2026-05-11 18:34:23.

Koku, neutral female gnomish Wizard

      -------         -----        -------
      |.....|     ####..>.-#       |.....|     ---------
      |.....-######   |...|#       |.....|    #-.......|
      -------     ####....|#       |.....|   ##|........#
                      -----#       |.....|   # |.......|#        --------
                           #       |......#####|.......|f        |......|
                           #       -----.-   # |.......|@        |......|
                           ##      ######      ---------#        |......|
                            #     ###                   f        ---.----
                            #     # #                   #        ####
                            #     # #                   #        #
                            #    ## #                   #        #
                            ## --.--|---                #        #
                             # |.......|              ###        #
                             # |.......|              #----------|-----
                             ##........|              #|..<...........|
                               ---------              #|..............|
                                                    ###-..............|
                                                       ----------------

Koku the Conjurer         St:9 Dx:13 Co:18 In:19 Wi:7 Ch:9  Neutral
Dlvl:3  $:63 HP:0(28) Pw:26(26) AC:8  Xp:3 T:1534  Fainted  Deaf

Latest messages:
 You are beginning to feel hungry.
 Where do you want to travel to?
 (For instructions type a '?')
 You descend the stairs.
 You climb up the stairs.
 Where do you want to travel to?
 (For instructions type a '?')
 In what direction? 8
 The spell hits the floating eye!
 You kill the floating eye!
 There is a doorway here.
 You see here a floating eye corpse.
 There is a floating eye corpse here; eat it? [ynq] (n) y
 This floating eye corpse is stringy.
 You finish eating the floating eye corpse.
 You feel a strange mental acuity.
 Where do you want to travel to?
 (For instructions type a '?')
 Move cursor to the desired destination:
 The door opens.
 Wizard needs food, badly!
 Where do you want to travel to?
 (For instructions type a '?')
 You stop.  Tulip is in the way!
 Where do you want to travel to?
 (For instructions type a '?')
 The kitten bites!
 You hear someone cursing shoplifters.
 You are too hungry to cast that spell.
 You miss the kitten.
 The kitten bites!
 You hit the kitten!
 The kitten bites!
 The kitten bites!
 The kitten bites!
 You faint from lack of food.
 The kitten bites!
 The kitten bites!
 The kitten bites!
 The kitten bites!
 The kitten bites!
 The kitten bites!
 The kitten bites!
 The kitten bites!
 You die...
 Do you want your possessions identified? [ynq] (y) y
 Do you want to see your attributes? [ynq] (y) y
 Do you want an account of creatures vanquished? [ynaq] (y) y
 Do you want to see your conduct and achievements? [ynq] (y) y
 Do you want to see the dungeon overview? [ynq] (y) y

Inventory:
 Coins    ('$')
  $ - 63 gold pieces
 Weapons  (')')
  r - a +0 sling
  D - a +0 dagger (at the ready)
  a - a blessed +1 quarterstaff (weapon in hands)
 Armor    ('[')
  B - an uncursed +0 pair of kicking boots (being worn)
  t - an uncursed +0 small shield
  b - an uncursed +0 cloak of magic resistance (being worn)
 Scrolls  ('?')
  h - an uncursed scroll of confuse monster
  u - a blessed scroll of fire
  E - an uncursed scroll of identify
  i - a blessed scroll of light
  j - an uncursed scroll of light
 Spellbooks  ('+')
  l - an uncursed spellbook of drain life
  k - a blessed spellbook of force bolt
 Potions  ('!')
  w - an uncursed potion of booze
  C - an uncursed potion of fruit juice
  g - an uncursed potion of invisibility
  p - an uncursed potion of paralysis
  f - 2 uncursed potions of water
 Rings    ('=')
  e - an uncursed +3 ring of increase damage
  d - an uncursed ring of see invisible
 Wands    ('/')
  c - a wand of polymorph (0:4)
 Tools    ('(')
  x - a can of grease (0:7)
  m - a magic marker (0:19)
 Gems/Stones  ('*')
  q - an uncursed worthless piece of white glass

Koku the Wizard's attributes:

Background:
 You were a Conjurer, a level 3 female gnomish Wizard.
 You were neutral, nominally on a mission for Thoth
 who was opposed by Ptah (lawful) and Anhur (chaotic).
 You were right-handed.
 You were in the Dungeons of Doom, on level 3.
 You entered the dungeon 1534 turns ago.
 You had 56 experience points, 24 more were needed to attain level 4.

Basics:
 You had 0 out of 28 hit points.
 You had all 26 energy points (spell power).
 Your armor class was 8.
 Your wallet contained 63 zorkmids.
 Autopickup was off.

Final Characteristics:
 Your strength was 9 (base:10, limit:18/50).
 Your dexterity was 13 (limit:18).
 Your constitution was 18 (limit:18).
 Your intelligence was 19 (limit:19).
 Your wisdom was 7 (limit:18).
 Your charisma was 9 (limit:18).

Final Status:
 You were deaf.
 You were fainted due to starvation.
 You were unencumbered.
 You were wielding a quarterstaff.
 You had basic skill with quarterstaff.

Final Attributes:
 You were fervently aligned.
 You were magic-protected.
 You were telepathic.
 You had infravision.
 You were warded.
 You are dead.

Miscellaneous:
 You didn't encounter any bones levels.
 Total elapsed playing time was 9 minutes and 3 seconds.

Major events:
 Turn
    1: Koku the neutral female gnomish Wizard entered the dungeon
  953: attained the rank of Conjurer (level 3)
 1534: killed by a kitten, while fainted from lack of food

Spells:
 Name                 Level Category     Fail Retention
 force bolt             1   attack         0%  91%-100%
 drain life             2   attack         0%  91%-100%

Skills:
 Fighting Skills
   bare handed combat [Unskilled]
   riding             [Unskilled]
 Weapon Skills
   dagger             [Unskilled]
   knife              [Unskilled]
   axe                [Unskilled]
   short sword        [Unskilled]
   club               [Unskilled]
   mace               [Unskilled]
   quarterstaff       [Basic]
   polearms           [Unskilled]
   spear              [Unskilled]
   trident            [Unskilled]
   sling              [Unskilled]
   dart               [Unskilled]
   shuriken           [Unskilled]
 Spellcasting Skills
   attack spells      [Basic]
   healing spells     [Unskilled]
   divination spells  [Unskilled]
   enchantment spells [Basic]
   clerical spells    [Unskilled]
   escape spells      [Unskilled]
   matter spells      [Unskilled]

Voluntary challenges:
 Character rerolling was not enabled.
 You were an atheist.
 You were illiterate.
 You never genocided any monsters.
 You never polymorphed an object.
 You never changed form.
 You used no wishes.
Achievement:
 You attained the rank of Conjurer.

 The Dungeons of Doom: levels 1 to 4
    Level 1:
       A fountain.
    Level 2:
    Level 3: <- You were here.
       Final resting place for
          you, killed by a kitten, while fainted from lack of food.
    Level 4:


Vanquished creatures:
  a shrieker
  2 floating eyes
  a hobbit
  a red mold
  3 geckos
  a jackal
  2 foxes
  2 goblins
  2 sewer rats
  2 grid bugs
  a bat
  3 lichens
  4 newts
25 creatures vanquished.

No species were genocided or became extinct.

Game over:
                       ----------
                      /          \
                     /    REST    \
                    /      IN      \
                   /     PEACE      \
                  /                  \
                  |       Koku       |
                  |      63 Au       |
                  |   killed by a    |
                  |      kitten      |
                  |                  |
                  |                  |
                  |       2026       |
                 *|     *  *  *      | *
        _________)/\\_//(\/(/\)/\//\/|_)_______

Goodbye Koku the Wizard...

You died in The Dungeons of Doom on dungeon level 3 with 431 points,
and 63 pieces of gold, after 1534 moves.
You were level 3 with a maximum of 28 hit points when you died.

